 Dungeon Crawl Stone Soup version 0.29.1-15-g9cfb28693d (webtiles) character file.

Game seed: 9066554759239936437

4242 Hugehornet the Cleaver (level 9, -16/68 HPs)
             Began as a Demigod Fighter on Apr 2, 2023.
             Killed from afar by a tengu conjurer (33 damage)
             ... with a bolt of lightning
             ... on level 9 of the Dungeon.
             The game lasted 00:22:44 (11771 turns).

Hugehornet the Cleaver (Demigod Fighter)           Turns: 11771, Time: 00:22:45

Health: -16/68     AC: 17    Str: 17    XL:     9   Next: 84%
Magic:  3/3        EV:  8    Int: 18    God:
Gold:   582        SH: 10    Dex: 17    Spells: 8/8 levels left

rFire   + . .      SeeInvis .   G - +0 war axe (antimagic)
rCold   + . .      Faith    .   c - +0 buckler
rNeg    + . .      Spirit   .   A - +0 pearl dragon scales
rPois   .          Reflect  +   t - +0 helmet
rElec   .          Harm     .   (no cloak)
rCorr   .          Rampage  .   (no gloves)
Will    .....                   F - +0 pair of boots
Stlth   ..........              p - amulet of reflection
HPRegen 0.21/turn               H - ring of protection from cold
MPRegen 0.08/turn               q - ring of protection from fire

@: no status effects
A: high MP 1, forlorn, divine attributes
a: no special abilities


You were on level 9 of the Dungeon.
You visited 1 branch of the dungeon, and saw 9 of its levels.

You collected 582 gold pieces.

Inventory:

Hand Weapons
 e - a +2 trident
 G - a +0 antimagic war axe (weapon)
Missiles
 j - 3 throwing nets
 u - 34 poisoned darts (quivered)
 O - a curare-tipped dart
Armour
 c - a +0 buckler (worn)
 t - a +0 helmet (worn)
 v - a +2 scale mail of poison resistance
 A - +0 pearl dragon scales (worn)
 F - a +0 pair of boots (worn)
 P - a +1 chain mail of fire resistance
Jewellery
 h - a +6 ring of intelligence
 p - an amulet of reflection (around neck)
 q - a ring of protection from fire (right hand)
 H - a ring of protection from cold (left hand)
 N - a ring of protection from cold
Wands
 d - a wand of mindburst (2)
 B - a wand of polymorph (1)
 D - a wand of roots (49)
Scrolls
 a - a scroll of enchant armour {unknown}
 b - 2 scrolls of enchant weapon {unknown}
 f - 2 scrolls of fog {unknown}
 g - 3 scrolls of magic mapping
 l - a scroll of summoning {unknown}
 n - 5 scrolls of teleportation {unknown}
 o - 3 scrolls of blinking {unknown}
 r - a scroll of immolation {unknown}
 s - 3 scrolls of noise {unknown}
 y - a scroll of identify
 z - a scroll of brand weapon {unknown}
 E - 2 scrolls of amnesia {unknown}
 L - a scroll of vulnerability {unknown}
 M - a scroll of poison {unknown}
Potions
 i - 4 potions of attraction
 k - 3 potions of invisibility
 m - a potion of ambrosia
 w - a potion of cancellation
 x - a potion of brilliance
 C - 2 potions of lignification
 I - a potion of resistance {unknown}
 J - a potion of flight
 K - a potion of berserk rage {unknown}


   Skills:
 - Level 2.6 Fighting
 - Level 10.0 Axes
 + Level 9.7 Armour
 - Level 2.6 Shields


You had 8 spell levels left.
You didn't know any spells.
Your spell library contained the following spells:

 Spells                   Type           Power      Damage    Failure   Level
 Beastly Appendage        Tmut           0%         N/A       69%         1
 Sublimation of Blood     Necr           0%         N/A       83%         2
 Wereblood                Tmut           0%         N/A       83%         2
 Confusing Touch          Hex            0%         N/A       96%         3
 Dazzling Flash           Conj/Hex       0%         N/A       96%         3
 Gell's Gravitas          Tloc           0%         N/A       96%         3
 Lesser Beckoning         Tloc           0%         N/A       96%         3
 Spider Form              Tmut/Pois      0%         N/A       96%         3
 Teleport Other           Tloc           0%         N/A       96%         3
 Tukima's Dance           Hex            0%         N/A       96%         3
 Airstrike                Air            0%         2d(0-16)  100%        4
 Passage of Golubria      Tloc           0%         N/A       100%        4
 Petrify                  Tmut/Erth      0%         N/A       100%        4
 Summon Lightning Spire   Summ/Air       0%         N/A       100%        4
 Agony                    Necr           0%         N/A       100%        5
 Irradiate                Conj/Tmut      0%         3d11      100%        5
 Lightning Bolt           Conj/Air       0%         1d11      100%        5
 Silence                  Hex/Air        0%         N/A       100%        5
 Yara's Violent Unravell  Hex/Tmut       0%         3d3       100%        5
 Enfeeble                 Hex            0%         N/A       100%        7


Dungeon Overview and Level Annotations

Branches:
Dungeon (9/15)             Temple (0/1) D:6
   Lair: D:8-11         Orc: D:9-12

Annotations:
D:7 2 transporters, cerebuk897's ghost, novice MiBe


Innate Abilities, Weirdness & Mutations

You have an increased reservoir of magic. (+10% MP)
You shall have no god before yourself.
Your divine heritage dramatically boosts your attributes as you level up.


Message History

The troll bites you. You block the troll's attack.
The troll claws you but does no damage.
You hit the troll.
The troll is moderately wounded.
The troll bites you but does no damage. The troll claws you but does no damage.
The troll closely misses you.
You closely miss the troll.
The troll is moderately wounded.
You block the troll's attack. The troll barely misses you. The troll claws you.
You slash the troll!
The troll is severely wounded.
The troll bites you. You block the troll's attack.
The troll claws you but does no damage.
You closely miss the troll.
The troll is severely wounded.
The troll barely misses you. You block the troll's attack. The troll claws you.
You closely miss the troll.
The troll is severely wounded.
The troll bites you! The troll claws you. The troll barely misses you.
You hit the troll.
The troll is severely wounded.
The troll bites you! The troll claws you but does no damage.
You block the troll's attack. The troll attacks as you move away!
The troll bites you!
* * * LOW HITPOINT WARNING * * *
The troll claws you but does no damage. You block the troll's attack.
There is an open door here.
You slash the troll!
You kill the troll!
The tengu conjurer casts a spell at you.
The bolt of lightning misses you. You block the tengu conjurer's attack.
The tengu conjurer pecks you but does no damage.
The tengu conjurer claws you but does no damage.
You barely miss the tengu conjurer.
You block the tengu conjurer's attack. x2
The tengu conjurer closely misses you.
You barely miss the tengu conjurer.
The tengu conjurer gestures at you while chanting.
The bolt of lightning hits you!!
You die...

#.....# ###)##### #
#.....# #..[....# #.
#.....# #.......# ..
#.....### #.......#
.#
........###.......#.#
#.........'.......'.#
#..##.##..#.......###
#..)#.#...#####Q####
#.#.)...#.# #.@..#
#.##...##.# ####.#
#...._....# #.#
#.##...##.# #####'##
..#.....#.# #......#
....#.#...# #......#
...##.##..####......#
.........##..'......#
............##......#


You could see a tengu conjurer.

Vanquished Creatures
  Psyche (D:9)
  A troll (D:9)
  Grinder (D:6)
  The ghost of raph the Chiller, an amateur MfIE (D:4)
  A steam dragon (D:7)
  An ice beast (D:8)
  2 sky beasts
  3 orc warriors
  A black bear (D:4)
  2 ogres
  A centaur (D:8)
  4 kobold brigands
  2 phantoms (D:5)
  A bullfrog (D:7)
  A necrophage (D:4)
  2 scorpions
  4 wights (D:9)
  6 killer bees (D:9)
  2 howler monkeys
  A jelly (D:5)
  6 gnoll boudas
  6 hounds
  2 orc priests
  Jessica (D:3)
  Ijyb (D:3)
  Natasha (thrice) (D:3)
  2 iguanas
  An orc wizard (D:3)
  Robin (D:2)
  21 gnolls
  7 adders
  A shadow imp (D:7)
  4 white imps
  3 ufetubi
  A worm (D:2)
  4 dart slugs
  18 orcs
  9 ball pythons
  2 bats
  11 endoplasms
  7 giant cockroaches
  12 hobgoblins
  8 jackals
  23 kobolds
  4 quokkas
  2 frilled lizards
  13 goblins
  9 rats
220 creatures vanquished.

Vanquished Creatures (others)
  2 withered plants (D:4)
2 creatures vanquished.

Grand Total: 222 creatures vanquished

Notes
Turn   | Place    | Note
-------+----------+-------------------------------------------
     0 | D:1      | Hugehornet the Demigod Fighter began the quest for the Orb.
     0 | D:1      | Reached XP level 1. HP: 18/18 MP: 3/3
    63 | D:1      | Reached skill level 2 in Axes
   500 | D:1      | Reached XP level 2. HP: 25/25 MP: 4/4
   705 | D:1      | Reached skill level 3 in Axes
  1262 | D:2      | Reached XP level 3. HP: 22/30 MP: 5/5
  1978 | D:2      | Noticed Robin
  1983 | D:2      | Reached skill level 4 in Axes
  1993 | D:2      | Killed Robin
  1994 | D:2      | Reached XP level 4. HP: 4/37 MP: 6/6
  2959 | D:3      | Noticed Natasha
  2974 | D:3      | Killed Natasha
  3202 | D:3      | Noticed Jessica
  3206 | D:3      | Killed Jessica
  3207 | D:3      | Reached skill level 5 in Axes
  3207 | D:3      | Reached XP level 5. HP: 40/42 MP: 7/7
  3775 | D:3      | Noticed an ogre
  3783 | D:3      | Killed an ogre
  3784 | D:3      | Reached skill level 6 in Axes
  3784 | D:3      | Reached XP level 6. HP: 50/50 MP: 8/8
  3808 | D:3      | Noticed Natasha
  3815 | D:3      | Killed Natasha
  4096 | D:3      | Noticed Ijyb
  4219 | D:3      | Killed Ijyb
  4640 | D:3      | Noticed Natasha
  4646 | D:3      | Killed Natasha
  4830 | D:4      | Reached skill level 7 in Axes
  5032 | D:4      | Reached XP level 7. HP: 50/56 MP: 9/9
  5123 | D:4      | Found a runed translucent door.
  5123 | D:4      | Noticed raph's ghost (amateur MfIE)
  5186 | D:4      | You fall into a shaft and drop 3 floors!
  5279 | D:7      | Noticed a steam dragon
  5361 | D:6      | Noticed Grinder
  5366 | D:5      | Entered Level 5 of the Dungeon
  5424 | D:5      | Reached skill level 8 in Axes
  5683 | D:5      | Reached skill level 9 in Axes
  6052 | D:5      | Reached XP level 8. HP: 62/62 MP: 3/10
  6678 | D:4      | Killed raph's ghost
  6679 | D:4      | Reached skill level 10 in Axes
  6914 | D:6      | Found a staircase to the Ecumenical Temple.
  7017 | D:6      | Killed Grinder
  7173 | D:6      | Reached skill level 5 in Armour
  7470 | D:6      | Identified the +2 leather armour of Sloth {Dex+4}
  8103 | D:7      | Found a transporter.
  8110 | D:7      | Found a transporter.
  8125 | D:7      | Noticed cerebuk897's ghost (novice MiBe)
  8126 | D:7      | Noticed a moth of wrath
  8369 | D:7      | Reached XP level 9. HP: 51/68 MP: 3/11
 10446 | D:9      | Noticed a tengu conjurer
 11268 | D:9      | Noticed Psyche
 11300 | D:9      | Killed Psyche
 11771 | D:9      | Killed from afar by a tengu conjurer

Illustrated notes

Levels and vault maps discovered:
D:1:      reono_arrival_mine, layout_basic
D:2:      layout_basic, uniq_robin
D:3:      kennysheep_big_flooded_room, layout_basic,
          nicolae_overflow_crystal_walls, minmay_overflow_temple_star_quad,
          hellmonk_ecumenical_altar_arch_garden, uniq_natasha, uniq_ijyb,
          uniq_jessica
D:4:      layout_cave_pools, overflow_temple_1_default,
          nicolae_dithmenos_the_darkroom, gammafunk_ghost_grave,
          kennysheep_generic_room_7
D:5:      layout_loops_cross, trog_antimagical, minmay_fractal_squares_gapless_5
D:6:      cheibrodos_quashed, layout_basic, grunt_gozag_statues,
          minmay_temple_entry_trees, kennysheep_path_1,
          kennysheep_generic_room_11, uniq_grinder
D:7:      layout_loops_corners, gammafunk_ghost_berserking_beasts
D:8:      layout_basic, fountainhead
D:9:      layout_roguey, mainiacjoe_overflow_small_starburst, uniq_psyche

Skill      XL: |  1  2  3  4  5  6  7  8  9 |
---------------+----------------------------+-----
Axes           | 2 3 4 5 6 7 9 10 | 10.0
Armour         | 6 9 |  9.7
Fighting       | |  2.6
Shields        | |  2.6

Action                   |  1- 3 |  4- 6 |  7- 9 || total
-------------------------+-------+-------+-------++-------
Melee: War axe           |   140 |   188 |   608 ||   936
       Unarmed           |       |     9 |       ||     9
Throw: Throwing net      |       |     3 |       ||     3
       Dart              |       |     2 |       ||     2
  Use: Potion            |       |     3 |    11 ||    14
       Scroll            |       |     1 |     8 ||     9
 Stab: Confused          |       |     1 |       ||     1
Armor: Scale mail        |    87 |    43 |       ||   130
       Pearl dragon scal |       |    31 |   217 ||   248
       Skin              |       |     1 |       ||     1
Dodge: Dodged            |    71 |    60 |   178 ||   309
Block: Buckler           |    66 |   101 |   296 ||   463
       Reflection        |     1 |     7 |     9 ||    17
       Other             |       |     1 |       ||     1
